 Dungeon Crawl Stone Soup version 0.24.0 (webtiles) character file.

Game seed: 1191915035372057164, levelgen mode: deterministic

77 SmSkdm the Sneak (level 4, -3/21 HPs)
             Began as a Spriggan Enchanter on Mar 12, 2020.
             Killed from afar by Natasha (7 damage)
             ... with a magic dart
             ... on level 2 of the Dungeon.
             The game lasted 00:04:12 (1601 turns).

SmSkdm the Sneak (Spriggan Enchanter)               Turns: 1601, Time: 00:04:12

Health: -3/21      AC:  2    Str:  5    XL:     4   Next: 13%
Magic:  0/9        EV: 18    Int: 16    God:
Gold:   38         SH:  0    Dex: 16    Spells: 5/8 levels left

rFire    . . .     SeeInvis +   a - +1 dagger
rCold    . . .     Gourm    .   (shield restricted)
rNeg     . . .     Faith    .   b - +0 robe
rPois    .         Spirit   .   (helmet restricted)
rElec    .         Reflect  .   (no cloak)
rCorr    .         Harm     +   (gloves unavailable)
MR       .....                  (boots unavailable)
Stlth    +++.......             i - amulet of harm
HPRegen  0.07/turn              (no ring)
MPRegen  0.11/turn              (no ring)

@: very quick
A: very small, unfitting armour, see invisible, herbivore, speed 3, slow
metabolism 2
a: no special abilities


You were on level 2 of the Dungeon.
You were not hungry.

You visited 1 branch of the dungeon, and saw 2 of its levels.

You collected 38 gold pieces.

Inventory:

Hand Weapons
 a - a +1 dagger (weapon)
Armour
 b - a +0 robe (worn)
Jewellery
 i - an amulet of harm (around neck)
Scrolls
 g - a scroll of random uselessness {unknown}
 h - a scroll of teleportation
 j - a scroll of enchant weapon {unknown}
Potions
 c - a potion of agility {unknown}
 e - a potion of flight {unknown}
 f - a potion of mutation {unknown}
 k - a potion of heal wounds {unknown}
Comestibles
 d - 4 rations


   Skills:
 + Level 2.8 Short Blades
 - Level 3.0 Dodging
 + Level 5.9 Stealth
 - Level 2.6 Spellcasting
 - Level 3.6 Hexes
 + Level 1.3 Ice Magic


You had 5 spell levels left.
You knew the following spells:

 Your Spells              Type           Power        Failure   Level  Hunger
a - Corona                Hex            ##.....      4%          1    #......
b - Ensorcelled Hibernat  Hex/Ice        ##....       11%         2    ##.....

Your spell library contained the following spells:

 Spells                   Type           Power        Failure   Level  Hunger
 Confuse                  Hex            ##......     13%         3    ###....
 Tukima's Dance           Hex            ##......     13%         3    ###....
 Dazzling Spray           Conj/Hex       #.....       28%         3    ###....


Dungeon Overview and Level Annotations

Branches:
Dungeon (2/15)

Altars:
Okawaru

Annotations:
D:2 Natasha


Innate Abilities, Weirdness & Mutations

You are very small and have problems with some larger weapons.
You are too small for most types of armour.
You have supernaturally acute eyesight. (SInv)
You are a herbivore.
You cover ground extremely quickly.
You need to consume almost no food.


Message History

Aim: Natasha (chance to defeat MR: 41%) Natasha resists with some effort.
Found a stone staircase leading down.
Natasha casts a spell.
Casting: Ensorcelled Hibernation (safe; 11% risk of failure)
Confirm with . or Enter, or press ? or * to list all spells.
Aiming: Ensorcelled Hibernation (safe; 11% risk of failure)
Press: ? - help, Shift-Dir - straight line, f/p - Natasha
Aim: Natasha (chance to defeat MR: 41%) Natasha looks drowsy...
Natasha hisses angrily.
Press: ? - help, v - describe, . - travel
Here: Natasha The floor.
Natasha stares at you and mumbles some strange words.
The magic dart hits you!
* * * LOW HITPOINT WARNING * * *
Natasha stares at you and mumbles some strange words.
The magic dart hits you.
You die...

w.# #.# ######.## # #... ....
# .##.########.####.##
....######.##............h....
.........†.########....####.##
##. #..##########.#### #...
.... #......@...h..# ####
..... #.#############
..g...#.# .._....)#########
......#..........
......#....##### ..... #.##.#
##.## #.##># ... ..##.#####.#


You could see Natasha.

Vanquished Creatures
  A hound (D:2)
  Terence (D:2)
  A dart slug (D:1)
  A leopard gecko (D:1)
  2 giant cockroaches (D:1)
  2 goblins (D:1)
  2 hobgoblins (D:1)
  4 kobolds
  A quokka (D:2)
  4 bats
  3 frilled lizards
  3 rats (D:1)
25 creatures vanquished.

Notes
Turn   | Place    | Note
-------+----------+-------------------------------------------
     0 | D:1      | SmSkdm the Spriggan Enchanter began the quest for the Orb.
     0 | D:1      | Reached XP level 1. HP: 9/9 MP: 5/5
   409 | D:1      | Reached skill level 5 in Stealth
   409 | D:1      | Reached XP level 2. HP: 13/13 MP: 6/6
   516 | D:1      | Learned a level 2 spell: Ensorcelled Hibernation
  1492 | D:2      | Found an iron altar of Okawaru.
  1528 | D:2      | Noticed Terence
  1533 | D:2      | Killed Terence
  1533 | D:2      | Reached skill level 1 in Ice Magic
  1533 | D:2      | Reached XP level 3. HP: 12/16 MP: 1/8
  1536 | D:2      | Reached XP level 4. HP: 15/21 MP: 0/9
  1549 | D:2      | Noticed Natasha
  1601 | D:2      | Killed from afar by Natasha

Levels and vault maps discovered:
D:1:      mushboom_english_gardens, layout_basic
D:2:      layout_loops_ring, kennysheep_vampire_church, old_standard_altar,
          minmay_cupped, uniq_terence, uniq_natasha
